 Dungeon Crawl Stone Soup version 0.17-a0-1567-gdd419b1 (webtiles) character file.

8519 McCoppin the Basher (level 11, -6/71 HPs)
             Began as a Gargoyle Summoner on July 23, 2015.
             Was a Believer of Ashenzari.
             Killed by Lee's Rapid Deconstruction
             ... invoked by a deep troll earth mage
              (29 damage)
             ... on level 10 of the Dungeon.
             The game lasted 00:39:32 (11393 turns).

McCoppin the Basher (Gargoyle Summoner)            Turns: 11393, Time: 00:39:33

Health: -6/71      AC: 23    Str: 16    XL:     11   Next: 32%
Magic:  16/16      EV:  7    Int: 14    God:    Ashenzari [**....]
Gold:   291        SH:  0    Dex: 11    Spells: 3 memorised, 8 levels left

rFire  . . .     SeeInvis .     M - +6 shillelagh "Devastator" {shatter}
rCold  . . .     Rnd*Rage +     x - +0 plate armour
rNeg   + . .     SustAt   .     (no shield)
rPois  ∞         Gourm    +     (no helmet)
rElec  +         Spirit   .     J - +0 cloak
rCorr  .         Warding  .     S - +2 pair of gloves
rMut   .         Stasis   .     l - +0 pair of boots
MR     .....                    e - amulet of the gourmand
Stlth  ..........               m - +3 ring of evasion
                                i - +1 ring of protection

@: exhausted, slowed, very slow, not resistant to hostile enchantments,
extremely unstealthy
A: hooves 1, berserk 1, dopey 1, negative energy resistance 1, electricity
resistance, strong 1, unbreathing, petrification resistance, rot immunity, AC +7
a: Scrying, Renounce Religion


You were on level 10 of the Dungeon.
You worshipped Ashenzari.
Ashenzari was pleased with you.
You were very full.

You visited 1 branch of the dungeon, and saw 11 of its levels.

You collected 515 gold pieces.
You spent 224 gold pieces at shops.

Inventory:

Hand weapons
 M - the +6 shillelagh "Devastator" (weapon) {shatter}
   (You found it on level 5 of the Dungeon)
Armour
 l - a +0 pair of boots (worn)
 x - a +0 plate armour (worn)
 J - a +0 cloak (worn)
 N - a +0 leather armour
 S - a +2 pair of gloves (worn)
Jewellery
 d - an uncursed amulet of rage
 e - an amulet of the gourmand (around neck)
 i - a +1 ring of protection (left hand)
 m - a +3 ring of evasion (right hand)
 E - an uncursed ring of flight
 T - an uncursed ring of ice
 V - an uncursed ring of wizardry
Magical devices
 f - a wand of disintegration (7)
 C - a wand of draining (7)
 D - a wand of frost (30)
Scrolls
 a - a scroll of identify
 h - 3 scrolls of enchant weapon
 o - 2 scrolls of recharging
 q - a scroll of noise
 r - a scroll of random uselessness
 y - 5 scrolls of enchant armour
 L - a scroll of remove curse
Potions
 g - 3 potions of cure mutation
 t - a potion of lignification
 O - 2 potions of invisibility
Books
 b - a book of Callings

   Spells                             Type                      Level
   a - Summon Small Mammal            Summoning                    1
   b - Call Imp                       Summoning                    2
   c - Call Canine Familiar           Summoning                    3
   d - Summon Guardian Golem          Hexes/Summoning              3
   e - Summon Lightning Spire         Summoning/Air                4
   f - Summon Ice Beast               Ice/Summoning                4
 n - the Papyrus of Gliding Augmentations
   (You found it on level 8 of the Dungeon)

   Spells                             Type                      Level
   a - Repel Missiles                 Charms/Air                   2
   b - Spectral Weapon                Hexes/Charms                 3
   c - Warp Weapon                    Charms/Translocation         5
   d - Deflect Missiles               Charms/Air                   6
 K - a book of Frost

   Spells                             Type                      Level
   a - Freeze                         Ice                          1
   b - Throw Frost                    Conjuration/Ice              2
   c - Ozocubu's Armour               Charms/Ice                   3
   d - Throw Icicle                   Conjuration/Ice              4
   e - Summon Ice Beast               Ice/Summoning                4
   f - Condensation Shield            Ice                          4
Comestibles
 c - 5 bread rations
 j - 16 fruits
 u - a royal jelly
 B - 3 meat rations
 F - 2 beef jerkies
 H - a slice of pizza


   Skills:
 - Level 9.1 Fighting
 + Level 13.7 Maces & Flails
 - Level 1.5 Dodging
 - Level 2.1 Stealth
 - Level 3.3 Spellcasting
 - Level 5.0 Summonings


You had 8 spell levels left.
You knew the following spells:

 Your Spells              Type           Power        Failure   Level  Hunger
a - Summon Small Mammal   Summ           ###.         99%         1    #......
b - Call Canine Familiar  Summ           ###.....     100%        3    ###....
c - Summon Ice Beast      Ice/Summ       #.......     100%        4    #####..


Dungeon Overview and Level Annotations

Branches:
Dungeon (11/15)            Temple (0/1) D:4             Orc (0/4) D:10
   Lair: D:8-11

Altars:
Ashenzari
Elyvilon
Okawaru
Sif Muna
Trog
Vehumet

Shops:
D:6 [


Innate Abilities, Weirdness & Mutations

You are resistant to torment.
Your stone body is resilient (AC +7).
You are immune to poison.
You resist negative energy.
You are resistant to electric shocks.
You can survive without breathing.
You are immune to petrification.
You are immune to rotting.
You have large cloven feet.
You tend to lose your temper in combat.
You are dopey. (Int -2)
Your muscles are strong. (Str +2)


Message History

The deep troll earth mage bites you. The deep troll earth mage claws you!
The deep troll earth mage claws you but does no damage.
Drink which item? (? for menu, Esc to quit)
You feel better. The deep troll earth mage bites you!
The deep troll earth mage claws you but does no damage.
The deep troll earth mage closely misses you.
Drink which item? (? for menu, Esc to quit)
You feel better. The deep troll earth mage bites you.
The deep troll earth mage claws you but does no damage. x2
The deep troll earth mage bites you but does no damage.
The deep troll earth mage claws you but does no damage. x2
Drink which item? (? for menu, Esc to quit)
Okay, then.
The deep troll earth mage barely misses you.
The deep troll earth mage completely misses you.
The deep troll earth mage claws you!
You see here an uncursed short sword.
The deep troll earth mage casts a spell at you.
You shatter!
You die...

..............'.....#.....#......
..#######.....#.....#######......
..#.....###...#..................
..#.......#...#....)....|........
..#.......#...#...(>............÷
..#.......#...##..[..............
..#.......#....#......######.#...
..##.###..#....#......#......#...
.......####....#@######......#...
...............).............####
#.............T..................
#.................#####..........
#...........>..!..#...'..........
#..............[..#...#.######...
#...######''###...#...#.#....'...
#...#.........#...#...#.#....#...
#...#.........#...#...#.#....'...


You could see a deep troll earth mage.

Vanquished Creatures
  Fannar (D:10)
  The ghost of herpmino the Cruncher, an experienced DsGl of Makhleb (D:9)
  A gargoyle (D:9)
  3 trolls
  Grinder (D:5)
  A spriggan (D:7)
  3 deep elf magi
  2 steam dragons (D:10)
  3 hungry ghosts
  A wyvern (D:10)
  A soldier ant (D:11)
  2 sky beasts
  3 ice beasts
  6 ogres
  A black bear (D:8)
  3 orc warriors
  2 phantoms
  2 centaurs
  7 giant frogs
  2 scorpions
  9 killer bees (D:9)
  4 wights (D:10)
  5 crimson imps
  A giant frog zombie (D:5)
  A centaur zombie (D:5)
  4 hounds
  4 orc priests
  2 jellies
  A quasit (D:10)
  4 centaur skeletons
  A giant frog skeleton (D:6)
  2 iguanas
  8 worker ants
  16 orc wizards
  A hound skeleton (D:5)
  19 adders
  8 gnolls
  2 shadow imps
  5 oozes
  An adder zombie (D:5)
  6 worms
  3 giant geckos
  31 orcs
  A bat skeleton (D:5)
  10 giant cockroaches
  12 hobgoblins
  9 ball pythons
  A ball python skeleton (D:4)
  15 bats
  5 giant newts
  11 goblins
  8 jackals
  17 kobolds
  3 quokkas
  A quokka skeleton (D:5)
  12 rats
289 creatures vanquished.

Vanquished Creatures (collateral kills)
  4 orcs
  2 bats
  A goblin (D:4)
  2 kobolds
9 creatures vanquished.

Vanquished Creatures (others)
  6 fungi (D:8)
6 creatures vanquished.

Grand Total: 304 creatures vanquished

Notes
Turn   | Place    | Note
--------------------------------------------------------------
     0 | D:1      | McCoppin the Gargoyle Summoner began the quest for the Orb.
     0 | D:1      | Reached XP level 1. HP: 10/10 MP: 3/3
   138 | D:1      | Reached skill level 4 in Summonings
   138 | D:1      | Reached XP level 2. HP: 9/15 MP: 5/5
   787 | D:1      | Reached XP level 3. HP: 17/19 MP: 6/6
   866 | D:1      | Learned a level 3 spell: Call Canine Familiar
  1488 | D:2      | Reached XP level 4. HP: 10/24 MP: 7/7
  1722 | D:2      | Reached skill level 1 in Fighting
  2387 | D:2      | Reached XP level 5. HP: 27/31 MP: 8/8
  2388 | D:2      | Found a deep blue altar of Sif Muna.
  2391 | D:2      | Found a white marble altar of Elyvilon.
  2392 | D:2      | Found a shattered altar of Ashenzari.
  2392 | D:2      | Found an iron altar of Okawaru.
  2394 | D:2      | Found a radiant altar of Vehumet.
  2396 | D:2      | Found a bloodstained altar of Trog.
  2411 | D:2      | Became a worshipper of Ashenzari the Shackled
  2957 | D:3      | Reached XP level 6. HP: 35/39 MP: 9/9
  3240 | D:3      | Reached skill level 5 in Fighting
  3760 | D:4      | Found a staircase to the Ecumenical Temple.
  3875 | D:4      | Reached skill level 6 in Fighting
  3980 | D:4      | Reached XP level 7. HP: 45/47 MP: 10/10
  4164 | D:4      | Reached skill level 7 in Fighting
  4681 | D:5      | Entered Level 5 of the Dungeon
  4820 | D:5      | Learned a level 4 spell: Summon Ice Beast
  4835 | D:5      | Reached skill level 5 in Summonings
  5003 | D:5      | Reached skill level 8 in Fighting
  5107 | D:5      | Noticed Grinder
  5112 | D:5      | Paralysed by Grinder for 4 turns
  5119 | D:5      | Killed Grinder
  5119 | D:5      | Reached XP level 8. HP: 26/55 MP: 5/12
  5458 | D:5      | Reached skill level 9 in Fighting
  5820 | D:5      | Reached skill level 1 in Maces & Flails
  6588 | D:6      | Gained mutation: Your muscles are strong. (Str +2) [mutagenic meat]
  6589 | D:6      | Gained mutation: You tend to lose your temper in combat. [mutagenic meat]
  6590 | D:6      | Gained mutation: You are dopey. (Int -2) [mutagenic meat]
  6591 | D:6      | Gained mutation: You have large cloven feet. [mutagenic meat]
  6645 | D:6      | Found Deosac's Antique Armour Boutique.
  6648 | D:6      | Bought a pair of glowing gloves for 112 gold pieces
  6650 | D:6      | Bought a pair of runed gloves for 112 gold pieces
  6707 | D:6      | Reached skill level 5 in Maces & Flails
  6707 | D:6      | Reached XP level 9. HP: 35/60 MP: 14/14
  7247 | D:7      | Acquired Ashenzari's first power
  8423 | D:8      | Identified the Papyrus of Gliding Augmentations
  8583 | D:8      | Reached XP level 10. HP: 64/66 MP: 15/15
  8935 | D:9      | Reached skill level 10 in Maces & Flails
  9099 | D:9      | HP: 3/66 [burnt (8)]
  9215 | D:9      | Reached skill level 11 in Maces & Flails
  9323 | D:9      | Noticed herpmino's ghost (experienced DsGl)
  9343 | D:9      | Killed herpmino's ghost
  9661 | D:9      | Reached skill level 12 in Maces & Flails
  9933 | D:9      | Acquired Ashenzari's second power
 10282 | D:10     | Entered Level 10 of the Dungeon
 10440 | D:10     | Found a staircase to the Orcish Mines.
 10463 | D:10     | Reached XP level 11. HP: 71/71 MP: 16/16
 10492 | D:10     | Reached skill level 13 in Maces & Flails
 10663 | D:10     | Noticed Fannar
 10718 | D:10     | Killed Fannar
 10730 | D:10     | Got the war axe "Noileocaewn" {chop, rF+ Dex+2 Stlth-}
 11367 | D:11     | Noticed a deep troll earth mage
 11393 | D:10     | Killed from afar by a deep troll earth mage

Vault maps used:
D:1:      erik_arrival_gehennom, minivault_26, hangedman_decor_points,
          minmay_misc_feat_enclosed
D:2:      minitemple, st_stairs_9, minmay_misc_feat_four_crosses,
          minmay_shallow_snake_nest, uniq_crazy_yiuf_cottage
D:4:      temple_doors_e
D:5:      first_bread, guppyfry_early_lair_pool, uniq_grinder
D:6:      serial_shops, nicolae_shop_window_shopping
D:7:      the_bakery
D:8:      kennysheep_steamy, minmay_holes, minmay_misc_feat_encased, st_stairs_5
D:9:      roderic_serpentine_path
D:10:     orc_0_dummy, minmay_misc_feat_chi, uniq_fannar
D:11:     david_lair_shrubbed, enter_trove_0, minmay_evil_grid

Action                   |  1- 3 |  4- 6 |  7- 9 | 10-12 || total
-------------------------+-------+-------+-------+-------++-------
Melee: Dagger            |   129 |   276 |   176 |       ||   581
       Unarmed           |     4 |       |       |       ||     4
       Shillelagh        |       |       |   150 |   246 ||   396
 Cast: Call Canine Famil |       |     5 |     6 |       ||    11
  Use: Scroll            |     1 |     2 |     6 |     9 ||    18
       Potion            |       |     1 |     7 |    11 ||    19
 Stab: Sleeping          |     2 |       |       |       ||     2
       Invisible         |       |       |     1 |       ||     1
  Eat: Chunk             |     4 |    10 |    25 |       ||    39
       Bread ration      |       |       |       |     4 ||     4
